 Dungeon Crawl Stone Soup version 0.20-a0-309-gcba9277 (webtiles) character file.

83 dondy the Conjurer (level 4, -1/24 HPs)
             Began as a Deep Elf Conjurer on Dec 19, 2016.
             Slain by Ijustatesigmund's ghost (6 damage)
             ... on level 3 of the Dungeon.
             The game lasted 00:09:41 (2005 turns).

dondy the Conjurer (Deep Elf Conjurer)              Turns: 2005, Time: 00:09:42

Health: -1/24      AC:  2    Str:  5    XL:     4   Next: 22%
Magic:  1/12       EV: 13    Int: 21    God:
Gold:   72         SH:  0    Dex: 15    Spells: 4/11 levels left

rFire  . . .     SeeInvis .     (no weapon)
rCold  . . .     Gourm    .     a - +0 robe
rNeg   . . .     Faith    .     (no shield)
rPois  .         Spirit   .     (no helmet)
rElec  .         Reflect  .     (no cloak)
rCorr  .         Harm     .     (no gloves)
MR     .....                    (no boots)
Stlth  ++........               p - amulet of magic regeneration
                                (no ring)
                                (no ring)

@: very slightly contaminated
A: no striking features
a: no special abilities


You were on level 3 of the Dungeon.
You were not hungry.

You visited 1 branch of the dungeon, and saw 4 of its levels.

You collected 72 gold pieces.

Inventory:

Hand Weapons
 d - a +0 blowgun
Missiles
 g - 2 needles of paralysis
 h - 6 poisoned needles
Armour
 a - a +0 robe (worn)
Jewellery
 p - an amulet of magic regeneration (around neck)
Scrolls
 i - 2 scrolls of remove curse
 l - a scroll of identify {unknown}
 o - 2 scrolls of blinking
 q - a scroll of amnesia {unknown}
Potions
 e - a potion of lignification {unknown}
 f - a potion of heal wounds {unknown}
 j - 2 potions of agility {unknown}
 k - a potion of cure mutation {unknown}
 n - a potion of flight {unknown}
Books
 b - a book of Conjurations

   Spells                             Type                      Level
   a - Magic Dart                     Conjuration                  1
   b - Searing Ray                    Conjuration                  2
   c - Dazzling Spray                 Conjuration/Hexes            3
   d - Fulminant Prism                Conjuration/Hexes            4
   e - Iskenderun's Mystic Blast      Conjuration                  4
   f - Iskenderun's Battlesphere      Conjuration/Charms           5
Comestibles
 c - a bread ration
 m - a meat ration
 r - a chunk of flesh


   Skills:
 - Level 2.4 Dodging
 - Level 2.4 Stealth
 + Level 4.4 Spellcasting
 * Level 5.7 Conjurations


You had 4 spell levels left.
You knew the following spells:

 Your Spells              Type           Power        Failure   Level  Hunger
a - Magic Dart            Conj           ####         1%          1    None
b - Searing Ray           Conj           ####..       1%          2    #......
c - Iskenderun's Mystic   Conj           ####....     14%         4    ####...


Dungeon Overview and Level Annotations

Branches:
Dungeon (4/15)
 Temple: D:4-7

Altars:

Annotations:
D:3 Ijustatesigmund's ghost, amateur HOMo


Message History

The searing ray misses Ijustatesigmund's ghost.
Ijustatesigmund's ghost hits you!
* * * LOW HITPOINT WARNING * * *
The searing ray hits Ijustatesigmund's ghost.
Ijustatesigmund's ghost is heavily damaged.
Ijustatesigmund's ghost barely misses you.
The searing ray hits Ijustatesigmund's ghost.
Ijustatesigmund's ghost is almost destroyed.
You finish channeling your searing ray.
Ijustatesigmund's ghost misses you.
Casting: Searing Ray
Confirm with . or Enter, or press ? or * to list all spells.
Aiming: Searing Ray
Press: ? - help, Shift-Dir - straight line, f/p - Ijustatesigmund's ghost
Aim: Ijustatesigmund's ghost (almost destroyed)
The searing ray misses Ijustatesigmund's ghost.
Ijustatesigmund's ghost closely misses you.
The searing ray hits Ijustatesigmund's ghost.
Ijustatesigmund's ghost is almost destroyed.
Ijustatesigmund's ghost hits you.
You die...

#############
#################..).........
#.....>.....@W[...#####.#....
################### #....W.
#...... ##########...o.. #######
#......).#...... ......#
#....>...#<.##.# ......#
#........#..##.# ......#
#........#..##.#
......############.<......#..##o#


You could see Ijustatesigmund's ghost.

Vanquished Creatures
  2 adders
  3 dart slugs
  A leopard gecko (D:1)
  An orc (D:3)
  3 giant cockroaches
  9 goblins
  5 hobgoblins
  3 jackals (D:1)
  7 kobolds
  11 bats
  4 frilled lizards
  5 rats
54 creatures vanquished.

Notes
Turn   | Place    | Note
-------+----------+-------------------------------------------
     0 | D:1      | dondy the Deep Elf Conjurer began the quest for the Orb.
     0 | D:1      | Reached XP level 1. HP: 10/10 MP: 6/6
   228 | D:1      | Reached XP level 2. HP: 15/15 MP: 4/8
   232 | D:1      | Learned a level 2 spell: Searing Ray
   538 | D:1      | Reached skill level 5 in Conjurations
   771 | D:1      | Reached XP level 3. HP: 19/19 MP: 8/10
  1859 | D:3      | Reached XP level 4. HP: 24/24 MP: 10/12
  1865 | D:3      | Learned a level 4 spell: Iskenderun's Mystic Blast
  1879 | D:3      | Noticed Ijustatesigmund's ghost (amateur HOMo)
  2005 | D:3      | Slain by Ijustatesigmund's ghost

Vault maps used:
D:1:      erik_arrival_triangle_huge
D:2:      serial_bayou_pond_e
D:4:      serial_shops, nicolae_shop_temple_entry_statues_fountains, uniq_pikel

Skill      XL: |  1  2  3 |
---------------+----------+-----
Conjurations   | 5 |  5.7
Spellcasting   | 4 |  4.4
Dodging        | |  2.4
Stealth        | |  2.4

Action                   |  1- 3 |  4- 6 || total
-------------------------+-------+-------++-------
 Cast: Magic Dart        |    79 |     7 ||    86
       Searing Ray       |     2 |     7 ||     9
  Use: Scroll            |     2 |       ||     2
  Eat: Chunk             |     2 |     1 ||     3
Armor: Robe              |     2 |       ||     2
Dodge: Dodged            |    13 |    14 ||    27
